 Dungeon Crawl Stone Soup version 0.29.1-15-g9cfb28693d (webtiles) character file.

Game seed: 5155569605505603197

249 Heoruswealwe the Shooter (level 5, -16/45 HPs)
             Began as a Demigod Hunter on Mar 5, 2023.
             Killed by an exploding orc wizard (45 damage)
             ... ignited by their inner flame
             ... on level 6 of the Dungeon.
             The game lasted 00:28:03 (2291 turns).

Heoruswealwe the Shooter (Demigod Hunter)           Turns: 2291, Time: 00:28:03

Health: -16/45     AC:  3    Str: 12    XL:     5   Next: 56%
Magic:  7/7        EV: 13    Int: 11    God:
Gold:   272        SH:  0    Dex: 21    Spells: 4/4 levels left

rFire   . . .      SeeInvis .   a - +0 shortbow
rCold   . . .      Faith    .   (shield currently unavailable)
rNeg    . . .      Spirit   .   c - +0 leather armour
rPois   +          Reflect  .   (no helmet)
rElec   .          Harm     .   (no cloak)
rCorr   .          Rampage  .   (no gloves)
Will    .....                   (no boots)
Stlth   ++........              n - amulet of regeneration
HPRegen 0.95/turn               v - ring of poison resistance
MPRegen 0.10/turn               (no ring)

@: no status effects
A: high MP 1, forlorn, divine attributes
a: no special abilities


You were on level 6 of the Dungeon.
You visited 1 branch of the dungeon, and saw 5 of its levels.

You collected 272 gold pieces.

Inventory:

Hand Weapons
 a - a +0 shortbow (weapon)
 x - a +0 falchion
Armour
 c - a +0 leather armour (worn)
Jewellery
 n - an amulet of regeneration (around neck)
 v - a ring of poison resistance (left hand)
Scrolls
 h - a scroll of butterflies {unknown}
 i - 2 scrolls of enchant weapon {unknown}
 j - 2 scrolls of blinking {unknown}
 p - a scroll of teleportation {unknown}
 q - 2 scrolls of identify {unknown}
 r - a scroll of silence {unknown}
 s - a scroll of magic mapping {unknown}
 t - 3 scrolls of amnesia {unknown}
Potions
 d - a potion of might {unknown}
 f - 2 potions of invisibility {unknown}
 g - 2 potions of heal wounds {unknown}
 k - 2 potions of curing {unknown}
 l - a potion of lignification {unknown}
 m - a potion of haste {unknown}
 o - a potion of ambrosia {unknown}
 u - a potion of attraction {unknown}
 w - a potion of berserk rage {unknown}


   Skills:
 + Level 3.1 Fighting
 + Level 4.5 Ranged Weapons
 + Level 3.1 Dodging
 + Level 2.9 Stealth


You had 4 spell levels left.
You didn't know any spells.
Your spell library contained the following spells:

 Spells                   Type           Power      Damage    Failure   Level
 Inner Flame              Hex/Fire       0%         N/A       80%         3
 Summon Guardian Golem    Hex/Summ       0%         N/A       80%         3
 Flame Wave               Conj/Fire      0%         2d4       99%         4
 Leda's Liquefaction      Hex/Erth       0%         N/A       99%         4
 Metabolic Englaciation   Hex/Ice        0%         N/A       100%        5


Dungeon Overview and Level Annotations

Branches:
Dungeon (4/15)
 Temple: D:4-7

Shops:
D:1 [   D:2 *


Innate Abilities, Weirdness & Mutations

You have an increased reservoir of magic. (+10% MP)
You shall have no god before yourself.
Your divine heritage dramatically boosts your attributes as you level up.


Message History

You shoot an arrow. The arrow hits the orc wizard!
The orc wizard is heavily wounded.
You shoot an arrow. The arrow hits the orc wizard!
You kill the orc wizard!
A scorpion comes into view.
The orc closely misses you.
You shoot an arrow. The arrow barely misses the orc wizard.
The orc closely misses you.
The orc wizard hits you with a +0 dagger.
You shoot an arrow. The arrow barely misses the orc wizard.
The orc barely misses you. The orc wizard closely misses you.
You shoot an arrow. The arrow hits the orc wizard!
The orc wizard is severely wounded.
The orc barely misses you. The orc wizard closely misses you.
The orc wizard hits you but does no damage.
The orc hits you with a +0 club.
You shoot an arrow.
The arrow closely misses the orc wizard.
The orc barely misses you.
The orc wizard hits you with a +0 dagger.
You shoot an arrow.
The arrow closely misses the orc wizard.
The scorpion barely misses you. The orc hits you but does no damage.
The orc wizard hits you but does no damage.
The scorpion stings you.
Really read the scroll of immolation?
As you read the scroll of immolation, it crumbles to dust.
The creatures around you are filled with an inner flame!
The orc completely misses you.
The orc wizard gestures at you while chanting.
The magic dart hits you! The scorpion stings you.
You shoot an arrow. The arrow hits the orc wizard.
Flame seeps out of the orc wizard.
The orc wizard is severely wounded.
The scorpion barely misses you. The orc misses you.
The orc wizard is engulfed in blazing flames.
The orc wizard explodes!
The fiery explosion engulfs the orc!!
The fiery explosion engulfs you!!!
Ouch! That really hurt!
You die...

#.#..# .# #.##.# .##
##.##.# #####..#####
#...... ##...........
#......
##.............##......
#...............#......
#....s..........#....>.
#....§@.........#..##.#
#...§○§.............#.#
#...§§..........#.#....
#..............<#.###..
#..#...)................#
## ##.....#.....##......#
##############.#....#
#.#....# ##.....>#


You could see a scorpion (inner flame).

Vanquished Creatures
  2 iguanas (D:6)
  Jessica (D:3)
  3 orc wizards (D:6)
  2 adders (D:3)
  A shadow imp (D:6)
  2 worms
  4 dart slugs
  7 orcs
  8 bats
  9 endoplasms
  3 giant cockroaches
  6 hobgoblins
  2 jackals (D:1)
  8 kobolds
  2 quokkas
  5 ball pythons
  8 frilled lizards
  A goblin (D:1)
  7 rats
81 creatures vanquished.

Notes
Turn   | Place    | Note
-------+----------+-------------------------------------------
     0 | D:1      | Heoruswealwe the Demigod Hunter began the quest for the
                  | Orb.
     0 | D:1      | Reached XP level 1. HP: 17/17 MP: 3/3
    45 | D:1      | Reached skill level 1 in Stealth
   142 | D:1      | Got the Anthology of Spellbinding and Flames
   227 | D:1      | Reached XP level 2. HP: 16/24 MP: 4/4
   316 | D:1      | Found Loats's Antique Armour Shoppe.
   759 | D:2      | Reached XP level 3. HP: 18/29 MP: 5/5
   925 | D:2      | Found Jiumn's Assorted Antiques.
  1286 | D:3      | Noticed Jessica
  1294 | D:3      | Killed Jessica
  1295 | D:3      | Reached skill level 4 in Ranged Weapons
  1395 | D:3      | Reached XP level 4. HP: 37/37 MP: 6/6
  2142 | D:4      | You fall into a shaft and drop 2 floors!
  2179 | D:6      | Reached XP level 5. HP: 9/44 MP: 7/7
  2291 | D:6      | Killed by an exploding orc wizard... ignited by their inner
                  | flame

Illustrated notes

Levels and vault maps discovered:
D:1:      spicycebolla_arrival_ecumenical, layout_loops_cross, serial_shops,
          nicolae_shop_advertising_works [nicolae_subvault_shop_adworks],
          chequers_serial_rivers_small_a, minmay_cupped
D:2:      layout_basic, serial_shops, nicolae_diamond_shop
D:3:      minmay_razor_zed, layout_basic, gammafunk_temple_overflow_elements,
          nicolae_uskayaw_suspiria, uniq_jessica
D:4:      layout_loops_ring, minmay_temple_entry_statues_pillars,
          lightli_corner_chamber, uniq_menkaure
D:6:      layout_rooms, minmay_misc_feat_alley

Skill      XL: |  1  2  3  4  5 |
---------------+----------------+-----
Stealth        | 1 2 |  2.9
Fighting       | 2 3 |  3.1
Dodging        | 2 3 |  3.1
Ranged Weapons | 4 |  4.5

Action                   |  1- 3 |  4- 6 || total
-------------------------+-------+-------++-------
 Fire: Shortbow          |   130 |   117 ||   247
  Use: Scroll            |       |     1 ||     1
Armor: Leather armour    |    12 |    34 ||    46
Dodge: Dodged            |    43 |    85 ||   128
